 Dungeon Crawl Stone Soup version 0.29.1 (webtiles) character file.

Game seed: 14172310456382350

70 funnyparkerb the Chiller (level 4, 0/30 HPs)
             Began as a Mummy Ice Elementalist on Sept 12, 2022.
             Slain by an orc
             ... wielding a +0 dagger
              (4 damage)
             ... on level 3 of the Dungeon.
             The game lasted 00:05:12 (2947 turns).

funnyparkerb the Chiller (Mummy Ice Elementalist)   Turns: 2947, Time: 00:05:13

Health: 0/30       AC:  2    Str: 11    XL:     4   Next: 3%
Magic:  8/8        EV: 12    Int: 16    God:
Gold:   51         SH:  0    Dex: 12    Spells: 1/8 levels left

rFire   x . .      SeeInvis .   f - +0 dagger
rCold   + . .      Faith    .   (no shield)
rNeg    + + +      Spirit   .   a - +0 robe
rPois   ∞          Reflect  .   (no helmet)
rElec   .          Harm     .   (no cloak)
rCorr   .          Rampage  .   (no gloves)
Will    .....                   (no boots)
Stlth   +.........              e - amulet of magic regeneration
HPRegen 0.10/turn               (no ring)
MPRegen 0.51/turn               (no ring)

@: confused
A: cold resistance 1, negative energy resistance 3, torment resistance 2, heat
vulnerability 1, in touch with death 1, no potions
a: no special abilities


You were on level 3 of the Dungeon.
You visited 1 branch of the dungeon, and saw 3 of its levels.

You collected 51 gold pieces.

Inventory:

Hand Weapons
 f - a +0 dagger (weapon)
Missiles
 g - 2 stones (quivered)
Armour
 a - a +0 robe (worn)
Jewellery
 e - an amulet of magic regeneration (around neck)
Scrolls
 b - a scroll of enchant weapon {unknown}
 c - a scroll of teleportation {unknown}
 d - a scroll of blinking {unknown}
 h - a scroll of enchant armour {unknown}


   Skills:
 - Level 1.5 Dodging
 - Level 1.5 Stealth
 - Level 2.6 Spellcasting
 + Level 4.6 Ice Magic


You had one spell level left.
You knew the following spells:

 Your Spells              Type           Power      Damage    Failure   Level
a - Freeze                Ice            68%        1d8       2%          1
b - Frozen Ramparts       Ice            34%        1d6       9%          3
c - Ozocubu's Armour      Ice            17%        N/A       9%          3

Your spell library contained the following spells:

 Spells                   Type           Power      Damage    Failure   Level
 Ensorcelled Hibernation  Hex/Ice        18%        N/A       11%         2
 Passwall                 Tmut/Erth      1%         N/A       28%         2
 Portal Projectile        Hex/Tloc       4%         N/A       50%         3
 Swiftness                Air            2%         N/A       50%         3
 Tukima's Dance           Hex            2%         N/A       50%         3
 Hailstorm                Conj/Ice       9%         3d4       58%         4
 Blade Hands              Tmut           Unusable   N/A       N/A         5

Dungeon Overview and Level Annotations

Branches:
Dungeon (2/15)

Altars:
Okawaru


Innate Abilities, Weirdness & Mutations

You are immune to poison.
Your flesh is cold resistant. (rC+)
You are immune to negative energy. (rN+++)
You are immune to unholy pain and torment.
You are vulnerable to heat. (rF-)
You are in touch with the powers of death.
You do not drink.


Message History

Press: ? - help, Shift-Dir - straight line, f/p - orc
Aim: an orc, wielding a +0 hand axe of flaming and wearing a +0 leather armour (almost dead)
You freeze the orc!
You kill the orc!
You have reached level 4!
An orc wizard and 2 orcs come into view.
Found 7 stones.
The orc wizard shouts!
The orc shouts!
Items here: ) ? [ †.
The orc shouts!
You hit the orc.
The orc is heavily wounded.
The orc wizard mumbles some strange words.
The orc wizard flickers and vanishes!
Deactivating autopickup; reactivate with Ctrl-A.
The orc closely misses you.
You hit the orc.
The orc is heavily wounded.
The orc hits you with a +0 short sword.
You hit the orc but do no damage.
The orc is heavily wounded.
You hit the orc.
The orc is severely wounded.
The orc closely misses you.
You barely miss the orc.
The orc is severely wounded.
The orc hits you with a +0 short sword. Something hits you.
You hit the orc.
You kill the orc!
Something barely misses you. Something hits you.
You hear some strange, mumbled words.
A puff of flame appears from out of thin air!
The puff of flame hits you! The fire burns you terribly!
* * * LOW HITPOINT WARNING * * *
A rat comes into view.
You hear some strange, mumbled words.
You are confused.
The orc hits you with a +0 dagger.
You die...

#..##.....##.#
#..#.......#.#
#.)#......)#.###
#......_.......##
##..#.......#....##
#...#.......#.....#
#.#.##...{.##.....#
###.#.####o####.....#
#........@.r........#
#.####..............#
!. ##............##
## ##..........##
######)#####
........# ..oo....#
.....(..# .........


You could see an orc and a rat.

Vanquished Creatures
  A worm (D:2)
  2 dart slugs (D:1)
  2 orcs (D:3)
  4 ball pythons
  3 endoplasms (D:1)
  8 giant cockroaches
  6 hobgoblins
  3 jackals (D:2)
  5 kobolds
  A quokka (D:1)
  8 bats
  4 frilled lizards
  A goblin (D:3)
  7 rats
55 creatures vanquished.

Vanquished Creatures (others)
  A fungus (D:2)
  8 plants (D:2)
9 creatures vanquished.

Grand Total: 64 creatures vanquished

Notes
Turn   | Place    | Note
-------+----------+-------------------------------------------
     0 | D:1      | funnyparkerb the Mummy Ice Elementalist began the quest for
                  | the Orb.
     0 | D:1      | Reached XP level 1. HP: 13/13 MP: 4/4
   433 | D:1      | Reached XP level 2. HP: 10/19 MP: 0/5
   975 | D:1      | Reached skill level 4 in Ice Magic
  1318 | D:1      | Gained mutation: You are in touch with the powers of death.
                  | [Mummy growth]
  1318 | D:1      | Reached XP level 3. HP: 15/24 MP: 2/7
  1323 | D:1      | Learned a level 3 spell: Frozen Ramparts
  1327 | D:1      | Learned a level 3 spell: Ozocubu's Armour
  2263 | D:2      | Found a faded altar of an unknown god.
  2847 | D:2      | You fall into a shaft and drop 1 floor!
  2860 | D:3      | Found an iron altar of Okawaru.
  2923 | D:3      | Reached XP level 4. HP: 25/30 MP: 5/8
  2947 | D:3      | Slain by an orc

Illustrated notes

Levels and vault maps discovered:
D:1:      lightli_arrival_chessboard, layout_basic, nrook_campfire
D:2:      layout_loops_corners, shapermc_ecumenical_altar_mp_ritualfount,
          minmay_worlds_worst_comb
D:3:      layout_rooms, old_standard_altar, serial_glass, glass_columns_c,
          glass_columns_c

Skill      XL: |  1  2 |
---------------+-------+-----
Ice Magic      | 4 |  4.6
Dodging        | |  1.5
Stealth        | |  1.5
Spellcasting   | |  2.6

Action                   |  1- 3 |  4- 6 || total
-------------------------+-------+-------++-------
Melee: Unarmed           |    25 |       ||    25
       Club              |    29 |       ||    29
       Dagger            |    49 |     6 ||    55
       Punch             |     1 |       ||     1
Throw: Stone             |    25 |       ||    25
 Cast: Freeze            |    57 |       ||    57
       Frozen Ramparts   |     1 |       ||     1
 Stab: Sleeping          |     2 |       ||     2
Armor: Robe              |    35 |       ||    35
Dodge: Dodged            |   116 |     3 ||   119
